TOP OF THE 1ST |
Colorado Springs Sky Sox batting - Pitching for Lehigh Valley IronPigs : RHP William-Floyd Goof
|
Pitching: RHP William-Floyd Goof
|
|
Batting: RHB Fu-Kang Duan
|
0-0: Ground out 6-3 (Groundball, 6, EV 83.8 MPH)
|
Batting: RHB Dwane Reed
|
0-0: Ball 1-0: Ball 2-0: Ball 3-0: Called Strike 3-1: Ground out 1-3 (Groundball, 34S, EV 66.9 MPH)
|
Batting: RHB Bobby Bowman
|
0-0: Ball 1-0: Ball 2-0: Foul Ball, location: 2F 2-1: Fly out, F7 (Flyball, 78S, EV 90.6 MPH)
|
Top of the 1st over - 0 runs, 0 hits, 0 errors, 0 left on base; Colorado Springs 0 - Lehigh Valley 0 |
BOTTOM OF THE 1ST |
Lehigh Valley IronPigs batting - Pitching for Colorado Springs Sky Sox : LHP Bubba Fields
|
Pitching: LHP Bubba Fields
|
|
Batting: RHB Alberto Ramirez
|
0-0: Ball 1-0: Called Strike 1-1: Called Strike 1-2: Foul Ball, location: 2F 1-2: Ball 2-2: Ball 3-2: Base on Balls
|
Batting: RHB Luis Arce
|
0-0: Ball 1-0: Ball 2-0: Ball 3-0: Called Strike 3-1: Base on Balls Alberto Ramirez to second
|
Batting: LHB Danny Hill
|
0-0: Foul Ball, location: 2F 0-1: Ball 1-1: Ball 2-1: Fielders Choice at 2nd, 5-4 (Groundball, 56, EV 106.2 MPH) Alberto Ramirez to third
|
Batting: RHB Chris Pounds
|
0-0: Ball 1-0: Called Strike Danny Hill is caught stealing 2nd base 2-4 1-1: Foul Ball, location: 2F 1-2: Ball 2-2: Ground out 6-3 (Groundball, 6M, EV 95.6 MPH)
|
Bottom of the 1st over - 0 runs, 0 hits, 0 errors, 1 left on base; Colorado Springs 0 - Lehigh Valley 0 |
TOP OF THE 2ND |
Colorado Springs Sky Sox batting - Pitching for Lehigh Valley IronPigs : RHP William-Floyd Goof
|
Batting: RHB Devine Adams
|
0-0: Ball 1-0: Fly out, F7 (Flyball, 7D, EV 99.4 MPH)
|
Batting: LHB Matt Steinke
|
0-0: Ball 1-0: Foul Ball, location: 2F 1-1: Fly out, F7 (Flyball, 7LS, EV 83.1 MPH)
|
Batting: RHB George Lundy
|
0-0: Foul Ball, location: 2F 0-1: Ground out 1-3 (Groundball, 13, EV 71.2 MPH)
|
Top of the 2nd over - 0 runs, 0 hits, 0 errors, 0 left on base; Colorado Springs 0 - Lehigh Valley 0 |
BOTTOM OF THE 2ND |
Lehigh Valley IronPigs batting - Pitching for Colorado Springs Sky Sox : LHP Bubba Fields
|
Batting: SHB Phuck II
|
0-0: Ball 1-0: Swinging Strike 1-1: Ball 2-1: Ground out U3 (Groundball, 34, EV 77.5 MPH)
|
Batting: LHB Jose Carlos
|
0-0: Foul Ball, location: 2F 0-1: Swinging Strike 0-2: Ball 1-2: Fly out, F6 (Popup, P, EV 75.0 MPH)
|
Batting: RHB Moritake Fukumoto
|
0-0: Ball 1-0: Ground out 6-3 (Groundball, 6, EV 82.5 MPH)
|
Bottom of the 2nd over - 0 runs, 0 hits, 0 errors, 0 left on base; Colorado Springs 0 - Lehigh Valley 0 |
TOP OF THE 3RD |
Colorado Springs Sky Sox batting - Pitching for Lehigh Valley IronPigs : RHP William-Floyd Goof
|
Batting: LHB Koson Hirai
|
0-0: Ball 1-0: Foul Ball, location: 2F 1-1: Called Strike 1-2: Ball 2-2: Ball 3-2: Strikes out swinging
|
Batting: RHB Bodil Hardenberg
|
0-0: Swinging Strike 0-1: Foul Ball, location: 2F 0-2: Ball 1-2: Ball 2-2: Strikes out swinging
|
Batting: RHB Ethan McCullough
|
0-0: Foul Ball, location: 2F 0-1: Fly out, F3 (Popup, 34, EV 70.0 MPH)
|
Top of the 3rd over - 0 runs, 0 hits, 0 errors, 0 left on base; Colorado Springs 0 - Lehigh Valley 0 |
BOTTOM OF THE 3RD |
Lehigh Valley IronPigs batting - Pitching for Colorado Springs Sky Sox : LHP Bubba Fields
|
Batting: RHB Kyle Reilly
|
0-0: Called Strike 0-1: Ball 1-1: Ball 2-1: Ground out 6-3 (Groundball, 6, EV 84.4 MPH)
|
Batting: RHB Jake Cox
|
0-0: Called Strike 0-1: Ball 1-1: Foul Ball, location: 2F 1-2: Foul Ball, location: 2F 1-2: Ball 2-2: Strikes out looking
|
Batting: RHB Alberto Ramirez
|
0-0: Called Strike 0-1: Fly out, F8 (Flyball, 8RM, EV 95.0 MPH)
|
Bottom of the 3rd over - 0 runs, 0 hits, 0 errors, 0 left on base; Colorado Springs 0 - Lehigh Valley 0 |
TOP OF THE 4TH |
Colorado Springs Sky Sox batting - Pitching for Lehigh Valley IronPigs : RHP William-Floyd Goof
|
Batting: RHB Fu-Kang Duan
|
0-0: Foul Ball, location: 2F 0-1: Ground out 5-3 (Groundball, 5, EV 85.0 MPH)
|
Batting: RHB Dwane Reed
|
0-0: Ball 1-0: Called Strike 1-1: Fly out, F8 (Flyball, 8RXD, EV 105.6 MPH)
|
Batting: RHB Bobby Bowman
|
0-0: Called Strike 0-1: Ball 1-1: Ball 2-1: SINGLE (Flyball, 89S, EV 93.1 MPH)
|
Batting: RHB Devine Adams
|
0-0: Fly out, F8 (Line Drive, 8RD, EV 85.6 MPH)
|
Top of the 4th over - 0 runs, 1 hit, 0 errors, 1 left on base; Colorado Springs 0 - Lehigh Valley 0 |
BOTTOM OF THE 4TH |
Lehigh Valley IronPigs batting - Pitching for Colorado Springs Sky Sox : LHP Bubba Fields
|
Batting: RHB Luis Arce
|
0-0: Called Strike 0-1: Called Strike 0-2: Ball 1-2: Ground out 6-3 (Groundball, 4M, EV 80.0 MPH)
|
Batting: LHB Danny Hill
|
0-0: Called Strike 0-1: Ball 1-1: Ball 2-1: Swinging Strike 2-2: Ball 3-2: Foul Ball, location: 2F 3-2: Strikes out looking
|
Batting: RHB Chris Pounds
|
0-0: Called Strike 0-1: Foul Ball, location: 2F 0-2: Ball 1-2: Foul Ball, location: 2F 1-2: Fly out, F3 (Popup, 34S, EV 66.9 MPH)
|
Bottom of the 4th over - 0 runs, 0 hits, 0 errors, 0 left on base; Colorado Springs 0 - Lehigh Valley 0 |
TOP OF THE 5TH |
Colorado Springs Sky Sox batting - Pitching for Lehigh Valley IronPigs : RHP William-Floyd Goof
|
Batting: LHB Matt Steinke
|
0-0: Called Strike 0-1: SINGLE (Line Drive, 6D, EV 103.1 MPH)
|
Batting: RHB George Lundy
|
0-0: Ball 1-0: Ball 2-0: Foul Ball, location: 2F 2-1: SINGLE (Groundball, 4MD, EV 106.2 MPH) Matt Steinke to second
|
Batting: LHB Koson Hirai
|
0-0: Called Strike 0-1: Ball 1-1: Ball 2-1: Foul Ball, location: 2F 2-2: Foul Ball, location: 2F 2-2: Foul Ball, location: 2F 2-2: SINGLE (Line Drive, 7S, EV 91.9 MPH) Matt Steinke to third George Lundy to second Runner from 3rd tries for Home, SAFE, throw by LF to home
|
Batting: RHB Bodil Hardenberg
|
0-0: Called Strike 0-1: Called Strike 0-2: Ball 1-2: Ball 2-2: Foul Ball, location: 2F 2-2: Ball 3-2: Foul Ball, location: 2F 3-2: Strikes out looking
|
Batting: RHB Ethan McCullough
|
0-0: Ball 1-0: Called Strike 1-1: Foul Ball, location: 2F 1-2: Foul Ball, location: 2F 1-2: Strikes out swinging
|
Batting: RHB Fu-Kang Duan
|
0-0: Ball 1-0: Foul Ball, location: 2F 1-1: Called Strike 1-2: Ground out 4-3 (Groundball, 4S, EV 72.5 MPH)
|
Top of the 5th over - 1 run, 3 hits, 0 errors, 2 left on base; Colorado Springs 1 - Lehigh Valley 0 |
BOTTOM OF THE 5TH |
Lehigh Valley IronPigs batting - Pitching for Colorado Springs Sky Sox : LHP Bubba Fields
|
Batting: SHB Phuck II
|
0-0: Ball 1-0: SINGLE (Groundball, 4MD, EV 106.2 MPH)
|
Batting: LHB Jose Carlos
|
0-0: Foul Ball, location: 2F 0-1: Ball 1-1: Ball 2-1: Called Strike 2-2: Ball 3-2: Base on Balls Phuck II to second
|
Batting: RHB Moritake Fukumoto
|
0-0: Ball 1-0: Ball 2-0: DOUBLE (Flyball, 78XD, EV 103.1 MPH) Phuck II scores Jose Carlos to third
|
Batting: RHB Kyle Reilly
|
0-0: Called Strike 0-1: Swinging Strike 0-2: Strikes out swinging
|
Batting: RHB Jake Cox
|
0-0: Fly out, F8 (Flyball, 8RXD, EV 103.1 MPH) Runner from 3rd tags up, SCORES, no throw by CF
|
Batting: RHB Alberto Ramirez
|
0-0: Called Strike 0-1: Foul Ball, location: 2F 0-2: Ball 1-2: Ball 2-2: Ball 3-2: SINGLE (Groundball, 5D, EV 105.0 MPH) Moritake Fukumoto to third Runner from 3rd tries for Home, throw by LF and OUT! 7-2
|
Bottom of the 5th over - 2 runs, 3 hits, 0 errors, 1 left on base; Colorado Springs 1 - Lehigh Valley 2 |
TOP OF THE 6TH |
Colorado Springs Sky Sox batting - Pitching for Lehigh Valley IronPigs : RHP William-Floyd Goof
|
Batting: RHB Dwane Reed
|
0-0: Ball 1-0: Foul Ball, location: 2F 1-1: SINGLE (Flyball, 8RS, EV 91.9 MPH)
|
Batting: RHB Bobby Bowman
|
0-0: Grounds into double play, 4-6-3 (Groundball, 4, EV 78.1 MPH)
|
Batting: RHB Devine Adams
|
0-0: SINGLE (Line Drive, 6MD, EV 99.4 MPH)
|
Batting: LHB Matt Steinke
|
0-0: Foul Ball, location: 2F 0-1: Ball 1-1: Foul Ball, location: 2F 1-2: Ball 2-2: Ball 3-2: Base on Balls Devine Adams to second
|
Batting: RHB George Lundy
|
0-0: SINGLE (Line Drive, 34, EV 95.6 MPH) Devine Adams to third Matt Steinke to second Runner from 3rd tries for Home, throw by RF and OUT! 9-2
|
Top of the 6th over - 0 runs, 3 hits, 0 errors, 2 left on base; Colorado Springs 1 - Lehigh Valley 2 |
BOTTOM OF THE 6TH |
Lehigh Valley IronPigs batting - Pitching for Colorado Springs Sky Sox : LHP Bubba Fields
|
Batting: RHB Luis Arce
|
0-0: Ball 1-0: Ball 2-0: Ball 3-0: Foul Ball, location: 2F 3-1: Base on Balls
|
Batting: LHB Danny Hill
|
0-0: Called Strike Luis Arce steals 2nd base 0-1: Called Strike 0-2: Ball 1-2: Strikes out swinging
|
Batting: RHB Chris Pounds
|
0-0: Ball 1-0: Ball 2-0: Called Strike 2-1: Called Strike 2-2: Ball 3-2: Strikes out swinging
|
Pitching: RHP Gerardo Flores
|
|
Batting: SHB Phuck II
|
0-0: Called Strike 0-1: Called Strike 0-2: SINGLE (Groundball, 4MS, EV 66.9 MPH) (infield hit) Luis Arce to third
|
Batting: LHB Jose Carlos
|
0-0: Ball 1-0: Called Strike 1-1: Ball 2-1: Ball 3-1: Base on Balls Phuck II to second
|
Batting: RHB Moritake Fukumoto
|
0-0: Fly out, F8 (Flyball, 78M, EV 84.4 MPH)
|
Bottom of the 6th over - 0 runs, 1 hit, 0 errors, 3 left on base; Colorado Springs 1 - Lehigh Valley 2 |
TOP OF THE 7TH |
Colorado Springs Sky Sox batting - Pitching for Lehigh Valley IronPigs : RHP William-Floyd Goof
|
Batting: LHB Koson Hirai
|
0-0: Ball 1-0: Ball 2-0: Called Strike 2-1: Called Strike 2-2: Ball 3-2: Foul Ball, location: 2F 3-2: Foul Ball, location: 2F 3-2: Foul Ball, location: 2F 3-2: Strikes out swinging
|
Batting: RHB Bodil Hardenberg
|
0-0: Swinging Strike 0-1: DOUBLE (Flyball, 8LXD, EV 100.6 MPH)
|
Batting: RHB Ethan McCullough
|
0-0: Called Strike 0-1: Called Strike 0-2: Strikes out swinging
|
Pinch Hitting: LHB Tony Ponce
|
0-0: Ball 1-0: Foul Ball, location: 2F 1-1: Ball 2-1: Ball 3-1: Base on Balls
|
Pitching: RHP Lucas McPhillie
|
|
Batting: RHB Dwane Reed
|
0-0: Foul Ball, location: 2F 0-1: Called Strike 0-2: Ball 1-2: Ball 2-2: Fly out, F1 (Popup, P, EV 80.6 MPH)
|
Top of the 7th over - 0 runs, 1 hit, 0 errors, 2 left on base; Colorado Springs 1 - Lehigh Valley 2 |
BOTTOM OF THE 7TH |
Lehigh Valley IronPigs batting - Pitching for Colorado Springs Sky Sox : RHP Gerardo Flores
|
Pitching: LHP Tristan Morrow
|
|
Now at 3B: Craig Gomez
|
|
Batting: RHB Kyle Reilly
|
0-0: Ball 1-0: Foul Ball, location: 2F 1-1: Called Strike 1-2: Ground out U3 (Groundball, 3, EV 78.1 MPH)
|
Batting: RHB Jake Cox
|
0-0: Swinging Strike 0-1: Swinging Strike 0-2: Foul Ball, location: 2F 0-2: Foul Ball, location: 2F 0-2: Strikes out swinging
|
Batting: RHB Alberto Ramirez
|
0-0: Foul Ball, location: 2F 0-1: Ball 1-1: Ball 2-1: Ball 3-1: Called Strike 3-2: Fly out, F8 (Flyball, 8LM, EV 93.1 MPH)
|
Bottom of the 7th over - 0 runs, 0 hits, 0 errors, 0 left on base; Colorado Springs 1 - Lehigh Valley 2 |
TOP OF THE 8TH |
Colorado Springs Sky Sox batting - Pitching for Lehigh Valley IronPigs : RHP Lucas McPhillie
|
Batting: RHB Bobby Bowman
|
0-0: Ball 1-0: Swinging Strike 1-1: Swinging Strike 1-2: Ball 2-2: Strikes out swinging
|
Batting: RHB Devine Adams
|
0-0: Foul Ball, location: 2F 0-1: Ball 1-1: Ball 2-1: Ball 3-1: Called Strike 3-2: Foul Ball, location: 2F 3-2: Strikes out swinging
|
Batting: LHB Matt Steinke
|
0-0: Ground out 6-3 (Groundball, 6M, EV 87.5 MPH)
|
Top of the 8th over - 0 runs, 0 hits, 0 errors, 0 left on base; Colorado Springs 1 - Lehigh Valley 2 |
BOTTOM OF THE 8TH |
Lehigh Valley IronPigs batting - Pitching for Colorado Springs Sky Sox : LHP Tristan Morrow
|
Pitching: RHP Freddy Barahona
|
|
Batting: RHB Luis Arce
|
0-0: SINGLE (Line Drive, 78M, EV 108.8 MPH)
|
Batting: LHB Danny Hill
|
0-0: Foul Ball, location: 2F 0-1: Swinging Strike 0-2: Ball 1-2: Ball 2-2: Strikes out looking
|
Batting: RHB Chris Pounds
|
0-0: Called Strike 0-1: Ball 1-1: Ball Luis Arce steals 2nd base 2-1: Ball 3-1: Foul Ball, location: 2F 3-2: Fly out, F8 (Line Drive, 8LD, EV 85.0 MPH)
|
Batting: SHB Phuck II
|
0-0: Foul Ball, location: 2F 0-1: Ball 1-1: Foul Ball, location: 2F 1-2: Foul Ball, location: 2F 1-2: Ground out U3 (Groundball, 3, EV 83.1 MPH)
|
Bottom of the 8th over - 0 runs, 1 hit, 0 errors, 1 left on base; Colorado Springs 1 - Lehigh Valley 2 |
TOP OF THE 9TH |
Colorado Springs Sky Sox batting - Pitching for Lehigh Valley IronPigs : RHP Lucas McPhillie
|
Batting: RHB George Lundy
|
0-0: Foul Ball, location: 2F 0-1: Foul Ball, location: 2F 0-2: Strikes out swinging
|
Batting: LHB Koson Hirai
|
0-0: Ball 1-0: Called Strike 1-1: Ball 2-1: Ball 3-1: Base on Balls
|
Batting: RHB Bodil Hardenberg
|
0-0: Called Strike 0-1: Grounds into double play, 6-4-3 (Groundball, 6, EV 103.8 MPH)
|
Top of the 9th over - 0 runs, 0 hits, 0 errors, 0 left on base; Colorado Springs 1 - Lehigh Valley 2 |
|